[ AOE2 MATCH · #507321980 ]
UnrankedTeutons vs Burmese
Player's team · WIN
Rival team · LOSS
[ REPLAY ANALYSIS · EXTRACTED FROM THE RECORDED GAME ]
Feudal
8:54
Castle
23:18
Imperial
40:50
| APM avg | 69.6 |
| APM peak | 124 |
| eAPM avg | 30.4 |
| Villagers / military | 187 / 53 |
Focus
⚔️ 39.0% · 🌾 61.0%
Scout Cavalry ×13 · Teutonic Knight ×12 · Monk ×11 · Mangonel ×5 · Trebuchet (Packed) ×5 · Knight ×3
Feudal
8:26
Castle
27:36
Imperial
—
| APM avg | 49.1 |
| APM peak | 98 |
| eAPM avg | 20.7 |
| Villagers / military | 119 / 93 |
Focus
⚔️ 46.4% · 🌾 53.6%
Arambai ×33 · Spearman ×25 · Skirmisher ×9 · Monk ×8 · Archer ×6 · Battering Ram ×6
Match map
Initial resources + every placement click. Lines = walls · curves = elevation contours. ◆ gold · ⬟ stone · ● berries · ✦ relic · ◌ wall gap
Your base· ✓ Closed at 23:18 · 50t walls · no gate
DS_Alec's base· Open — opponent sealed themselves in
Smoothed initial terrain · ◌ = detected wall gap · hover for details
Inputs per minute
— DGHIR | chanchilaru - - DS_Alec
Build order — DGHIR | chanchilaru
First 150 of 433 actions detected
| 0:00 | Queue | Villager (Male) |
| 0:00 | Queue | Villager (Male) |
| 0:00 | Queue | Villager (Male) |
| 0:00 | Queue | Villager (Male) |
| 0:02 | Build | House |
| 0:02 | Build | House |
| 1:32 | Queue | Villager (Male) |
| 1:33 | Queue | Villager (Male) |
| 2:07 | Queue | Villager (Male) |
| 2:12 | Build | Lumber Camp |
| 2:17 | Queue | Villager (Male) |
| 2:50 | Queue | Villager (Male) |
| 3:09 | Queue | Villager (Male) |
| 3:41 | Queue | Villager (Male) |
| 3:51 | Build | House |
| 3:52 | Build | Palisade Wall |
| 3:56 | Queue | Villager (Male) |
| 4:31 | Queue | Villager (Male) |
| 4:31 | Queue | Villager (Male) |
| 4:32 | Queue | Villager (Male) |
| 4:32 | Queue | Villager (Male) |
| 5:01 | Build | Mill |
| 5:20 | Queue | Villager (Male) |
| 5:21 | Queue | Villager (Male) |
| 6:15 | Queue | Villager (Male) |
| 6:44 | Research | Feudal Age |
| 7:50 | Build | Barracks |
| 7:58 | Build | House |
| 8:10 | Queue | Villager (Male) |
| 8:10 | Queue | Villager (Male) |
| 8:38 | Build | Palisade Wall |
| 8:39 | Build | Palisade Wall |
| 8:40 | Build | Palisade Wall |
| 8:40 | Build | Palisade Wall |
| 8:41 | Build | Palisade Wall |
| 8:41 | Build | Palisade Wall |
| 8:42 | Build | Palisade Wall |
| 8:45 | Build | Palisade Wall |
| 8:47 | Build | Palisade Wall |
| 8:54 | Age | Feudal Age |
| 8:58 | Build | Stable |
| 9:07 | Research | Loom |
| 9:09 | Build | Palisade Wall |
| 9:10 | Build | Palisade Wall |
| 9:13 | Build | House |
| 9:21 | Queue | Spearman |
| 9:38 | Build | House |
| 9:46 | Queue | Scout Cavalry |
| 9:46 | Queue | Scout Cavalry |
| 9:49 | Queue | Villager (Male) |
| 9:49 | Queue | Villager (Male) |
| 9:49 | Queue | Villager (Male) |
| 9:49 | Queue | Villager (Male) |
| 9:50 | Queue | Villager (Male) |
| 9:58 | Build | Farm |
| 10:01 | Build | Farm |
| 10:14 | Build | Palisade Wall |
| 10:21 | Build | Farm |
| 10:32 | Build | Farm |
| 10:37 | Queue | Scout Cavalry |
| 11:05 | Build | Farm |
| 11:15 | Queue | Scout Cavalry |
| 11:40 | Queue | Scout Cavalry |
| 12:01 | Queue | Villager (Male) |
| 12:01 | Queue | Villager (Male) |
| 12:04 | Queue | Scout Cavalry |
| 12:38 | Queue | Villager (Male) |
| 12:39 | Queue | Villager (Male) |
| 13:02 | Build | House |
| 13:04 | Build | House |
| 13:10 | Build | Farm |
| 13:16 | Queue | Spearman |
| 13:34 | Build | Farm |
| 13:36 | Queue | Villager (Male) |
| 13:53 | Build | House |
| 14:17 | Queue | Villager (Male) |
| 14:17 | Queue | Villager (Male) |
| 14:52 | Queue | Scout Cavalry |
| 15:10 | Build | Farm |
| 15:11 | Queue | Villager (Male) |
| 15:22 | Build | Farm |
| 15:24 | Queue | Villager (Male) |
| 15:24 | Queue | Villager (Male) |
| 15:31 | Build | Palisade Wall |
| 15:42 | Build | House |
| 15:44 | Build | Palisade Wall |
| 15:51 | Queue | Scout Cavalry |
| 15:51 | Queue | Scout Cavalry |
| 15:53 | Build | Palisade Wall |
| 15:56 | Build | Farm |
| 16:05 | Build | Farm |
| 16:06 | Queue | Villager (Male) |
| 16:08 | Build | Palisade Wall |
| 16:10 | Build | Farm |
| 16:20 | Queue | Villager (Male) |
| 16:31 | Build | Farm |
| 16:32 | Build | Farm |
| 16:33 | Build | Farm |
| 16:34 | Build | Farm |
| 16:48 | Build | Palisade Gate |
| 17:34 | Build | Farm |
| 17:46 | Build | Farm |
| 17:47 | Build | Farm |
| 17:47 | Queue | Villager (Male) |
| 17:48 | Queue | Villager (Male) |
| 17:51 | Build | Mining Camp |
| 17:57 | Queue | Villager (Male) |
| 18:26 | Build | House |
| 18:39 | Queue | Villager (Male) |
| 18:43 | Build | House |
| 18:46 | Queue | Villager (Male) |
| 18:50 | Build | Market |
| 19:02 | Queue | Villager (Male) |
| 19:05 | Build | House |
| 19:07 | Build | House |
| 19:11 | Queue | Villager (Male) |
| 19:18 | Queue | Villager (Male) |
| 19:24 | Research | Double-Bit Axe |
| 19:40 | Build | Palisade Wall |
| 19:52 | Queue | Villager (Male) |
| 19:58 | Build | Mining Camp |
| 20:04 | Build | Palisade Wall |
| 20:07 | Build | Palisade Wall |
| 20:38 | Research | Castle Age |
| 20:43 | Queue | Scout Cavalry |
| 21:11 | Queue | Scout Cavalry |
| 21:28 | Build | Blacksmith |
| 21:51 | Research | Bloodlines |
| 22:08 | Build | Farm |
| 22:20 | Build | Watch Tower |
| 22:25 | Build | House |
| 22:27 | Build | House |
| 22:28 | Build | Palisade Wall |
| 22:47 | Build | House |
| 22:56 | Build | Stable |
| 23:18 | Age | Castle Age |
| 23:20 | Build | Siege Workshop |
| 23:26 | Queue | Villager (Male) |
| 23:26 | Queue | Villager (Male) |
| 23:26 | Queue | Villager (Male) |
| 23:51 | Queue | Mangonel |
| 23:54 | Queue | Knight |
| 23:58 | Queue | Villager (Male) |
| 24:01 | Queue | Villager (Male) |
| 24:01 | Queue | Villager (Male) |
| 24:47 | Queue | Mangonel |
| 25:15 | Queue | Villager (Male) |
| 25:20 | Queue | Villager (Male) |
| 26:12 | Queue | Mangonel |
| 26:31 | Build | Palisade Wall |
Build order — DS_Alec
First 150 of 336 actions detected
| 0:00 | Queue | Villager (Male) |
| 0:00 | Queue | Villager (Male) |
| 0:00 | Queue | Villager (Male) |
| 0:01 | Build | House |
| 0:02 | Build | House |
| 0:26 | Queue | Villager (Male) |
| 0:26 | Queue | Villager (Male) |
| 1:25 | Queue | Villager (Male) |
| 1:53 | Queue | Villager (Male) |
| 2:19 | Queue | Villager (Male) |
| 2:25 | Queue | Villager (Male) |
| 2:46 | Build | Lumber Camp |
| 3:03 | Queue | Villager (Male) |
| 3:28 | Build | House |
| 3:29 | Build | Palisade Wall |
| 3:34 | Queue | Villager (Male) |
| 3:55 | Queue | Villager (Male) |
| 4:07 | Queue | Villager (Male) |
| 4:41 | Queue | Villager (Male) |
| 4:45 | Queue | Villager (Male) |
| 4:53 | Queue | Villager (Male) |
| 5:10 | Build | Mill |
| 5:21 | Queue | Villager (Male) |
| 6:16 | Research | Feudal Age |
| 7:10 | Build | House |
| 7:11 | Build | Palisade Wall |
| 7:19 | Build | Palisade Wall |
| 7:37 | Build | Barracks |
| 8:00 | Queue | Villager (Male) |
| 8:00 | Research | Loom |
| 8:09 | Build | Palisade Wall |
| 8:10 | Build | Palisade Wall |
| 8:26 | Age | Feudal Age |
| 8:41 | Build | Archery Range |
| 8:53 | Queue | Villager (Male) |
| 8:59 | Queue | Spearman |
| 9:07 | Queue | Villager (Male) |
| 9:20 | Queue | Villager (Male) |
| 9:23 | Research | Horse Collar |
| 9:27 | Queue | Villager (Male) |
| 9:30 | Build | House |
| 9:40 | Queue | Skirmisher |
| 9:50 | Queue | Spearman |
| 9:54 | Queue | Villager (Male) |
| 10:07 | Queue | Skirmisher |
| 10:08 | Queue | Spearman |
| 10:14 | Queue | Villager (Male) |
| 10:19 | Build | Farm |
| 10:28 | Queue | Skirmisher |
| 10:40 | Build | House |
| 10:46 | Research | Town Watch |
| 10:53 | Queue | Spearman |
| 10:53 | Queue | Skirmisher |
| 11:04 | Build | Watch Tower |
| 11:09 | Queue | Spearman |
| 11:22 | Build | Palisade Wall |
| 11:24 | Build | Palisade Wall |
| 11:26 | Build | Palisade Wall |
| 11:36 | Build | Farm |
| 11:37 | Build | Farm |
| 11:39 | Build | Palisade Wall |
| 11:47 | Queue | Spearman |
| 11:48 | Queue | Villager (Male) |
| 12:05 | Queue | Villager (Male) |
| 12:24 | Queue | Villager (Male) |
| 12:42 | Build | Farm |
| 13:03 | Build | Mining Camp |
| 13:05 | Queue | Villager (Male) |
| 13:10 | Build | Farm |
| 13:13 | Build | Farm |
| 13:14 | Build | House |
| 13:27 | Queue | Villager (Male) |
| 13:43 | Queue | Villager (Male) |
| 13:47 | Build | Farm |
| 13:48 | Build | Farm |
| 14:45 | Queue | Villager (Male) |
| 15:00 | Queue | Villager (Male) |
| 15:05 | Build | Mining Camp |
| 15:07 | Build | Farm |
| 15:08 | Build | Farm |
| 15:26 | Queue | Spearman |
| 15:26 | Queue | Skirmisher |
| 15:34 | Queue | Spearman |
| 15:34 | Queue | Skirmisher |
| 15:36 | Queue | Villager (Male) |
| 15:38 | Build | Farm |
| 15:42 | Build | Farm |
| 15:49 | Queue | Skirmisher |
| 15:56 | Build | Farm |
| 16:02 | Queue | Villager (Male) |
| 16:14 | Queue | Spearman |
| 16:30 | Queue | Spearman |
| 16:39 | Queue | Spearman |
| 16:40 | Queue | Archer |
| 16:48 | Build | Farm |
| 16:49 | Build | Farm |
| 16:56 | Queue | Spearman |
| 17:12 | Queue | Spearman |
| 17:23 | Queue | Spearman |
| 17:33 | Queue | Spearman |
| 17:33 | Queue | Skirmisher |
| 17:34 | Queue | Villager (Male) |
| 17:51 | Queue | Spearman |
| 17:53 | Queue | Archer |
| 18:01 | Queue | Villager (Male) |
| 18:02 | Queue | Villager (Male) |
| 18:04 | Build | Blacksmith |
| 18:08 | Build | House |
| 18:27 | Queue | Villager (Male) |
| 18:34 | Queue | Archer |
| 18:56 | Queue | Spearman |
| 18:57 | Queue | Archer |
| 19:16 | Queue | Villager (Male) |
| 19:19 | Build | House |
| 19:24 | Research | Wheelbarrow |
| 19:34 | Research | Fletching |
| 19:41 | Queue | Villager (Male) |
| 19:58 | Queue | Archer |
| 19:59 | Queue | Villager (Male) |
| 20:05 | Build | Mining Camp |
| 20:17 | Queue | Spearman |
| 20:24 | Queue | Villager (Male) |
| 21:04 | Build | Palisade Wall |
| 21:05 | Build | Palisade Wall |
| 21:06 | Build | Palisade Wall |
| 21:07 | Build | Palisade Wall |
| 21:16 | Build | House |
| 21:26 | Queue | Spearman |
| 21:27 | Queue | Villager (Male) |
| 21:40 | Build | House |
| 21:46 | Queue | Villager (Male) |
| 22:04 | Queue | Spearman |
| 22:11 | Build | Watch Tower |
| 22:12 | Queue | Spearman |
| 22:12 | Queue | Skirmisher |
| 22:24 | Queue | Spearman |
| 22:24 | Queue | Archer |
| 23:06 | Queue | Villager (Male) |
| 23:06 | Queue | Villager (Male) |
| 23:21 | Build | Watch Tower |
| 23:25 | Queue | Spearman |
| 23:25 | Queue | Spearman |
| 23:25 | Queue | Spearman |
| 23:28 | Research | Scale Mail Armor |
| 23:47 | Queue | Villager (Male) |
| 23:55 | Build | Market |
| 24:14 | Build | House |
| 24:14 | Build | House |
| 24:31 | Build | House |
| 24:54 | Research | Castle Age |
Match timeline
| 3:29 | DS_Alec · wall_segment Palisade Wall x1 |
| 3:52 | DGHIR | chanchilaru · wall_segment Palisade Wall x1 |
| 7:11 | DS_Alec · wall_segment Palisade Wall x2 |
| 7:19 | DS_Alec · wall_segment Palisade Wall x1 |
| 7:37 | DS_Alec · first_building Barracks |
| 7:50 | DGHIR | chanchilaru · first_building Barracks |
| 8:09 | DS_Alec · wall_segment Palisade Wall x5 |
| 8:10 | DS_Alec · wall_segment Palisade Wall x1 |
| 8:26 | DS_Alec · age_up feudal |
| 8:38 | DGHIR | chanchilaru · wall_segment Palisade Wall x2 |
| 8:39 | DGHIR | chanchilaru · wall_segment Palisade Wall x1 |
| 8:40 | DGHIR | chanchilaru · wall_segment Palisade Wall x1 |
| 8:40 | DGHIR | chanchilaru · wall_segment Palisade Wall x1 |
| 8:41 | DS_Alec · first_building Archery Range |
| 8:41 | DGHIR | chanchilaru · wall_segment Palisade Wall x1 |
| 8:41 | DGHIR | chanchilaru · wall_segment Palisade Wall x2 |
| 8:42 | DGHIR | chanchilaru · wall_segment Palisade Wall x1 |
| 8:45 | DGHIR | chanchilaru · wall_segment Palisade Wall x1 |
| 8:47 | DGHIR | chanchilaru · wall_segment Palisade Wall x3 |
| 8:54 | DGHIR | chanchilaru · age_up feudal |
| 8:58 | DGHIR | chanchilaru · first_building Stable |
| 9:09 | DGHIR | chanchilaru · wall_segment Palisade Wall x2 |
| 9:10 | DGHIR | chanchilaru · wall_segment Palisade Wall x1 |
| 10:14 | DGHIR | chanchilaru · wall_segment Palisade Wall x10 |
| 11:22 | DS_Alec · wall_segment Palisade Wall x1 |
| 11:24 | DS_Alec · wall_segment Palisade Wall x1 |
| 11:26 | DS_Alec · wall_segment Palisade Wall x1 |
| 11:39 | DS_Alec · wall_segment Palisade Wall x1 |
| 15:31 | DGHIR | chanchilaru · wall_segment Palisade Wall x9 |
| 15:44 | DGHIR | chanchilaru · wall_segment Palisade Wall x4 |
| 15:53 | DGHIR | chanchilaru · wall_segment Palisade Wall x1 |
| 16:08 | DGHIR | chanchilaru · wall_segment Palisade Wall x8 |
| 19:40 | DGHIR | chanchilaru · wall_segment Palisade Wall x1 |
| 20:04 | DGHIR | chanchilaru · wall_segment Palisade Wall x1 |
| 20:07 | DGHIR | chanchilaru · wall_segment Palisade Wall x1 |
| 20:30 | DGHIR | chanchilaru · first_market_sell 100 wood |
| 21:04 | DS_Alec · wall_segment Palisade Wall x1 |
| 21:05 | DS_Alec · wall_segment Palisade Wall x1 |
| 21:06 | DS_Alec · wall_segment Palisade Wall x1 |
| 21:07 | DS_Alec · wall_segment Palisade Wall x1 |
| 22:28 | DGHIR | chanchilaru · wall_segment Palisade Wall x1 |
| 23:18 | DGHIR | chanchilaru · age_up castle |
| 23:20 | DGHIR | chanchilaru · first_building Siege Workshop |
| 26:31 | DGHIR | chanchilaru · wall_segment Palisade Wall x1 |
| 27:36 | DS_Alec · age_up castle |
| 27:37 | DGHIR | chanchilaru · first_market_buy 100 food |
| 28:22 | DS_Alec · first_building Stable |
| 28:33 | DGHIR | chanchilaru · wall_segment Palisade Wall x1 |
| 29:46 | DGHIR | chanchilaru · first_building Monastery |
| 30:01 | DS_Alec · first_building Monastery |
| 30:51 | DGHIR | chanchilaru · wall_segment Palisade Wall x1 |
| 31:07 | DS_Alec · first_market_buy 100 stone |
| 33:00 | DS_Alec · first_building Castle |
| 35:15 | DGHIR | chanchilaru · wall_segment Stone Wall x1 |
| 35:16 | DGHIR | chanchilaru · wall_segment Stone Wall x3 |
| 35:18 | DGHIR | chanchilaru · wall_segment Stone Wall x6 |
| 36:06 | DGHIR | chanchilaru · first_building Castle |
| 38:58 | DS_Alec · first_building Siege Workshop |
| 40:50 | DGHIR | chanchilaru · age_up imperial |
| 48:49 | DS_Alec · resign |
[ AI ANALYSIS · 1 CREDIT ]
What really happened in this match?
Wolo.gg analyzes every decision: build order, eco, micro, common mistakes by bracket. Personalized analysis on WhatsApp or Discord in 30 seconds.
Civ guide
Teutons
Perfil
Jugador #557273